 Dungeon Crawl Stone Soup version 0.30.0-5-g1a98f26d00 (webtiles) character file.

Game seed: 14151984262210031641

5578 Irreverend the Nimble (level 10, 0/48 HPs)
             Began as a Felid Summoner on May 8, 2023.
             Was an Initiate of Gozag.
             Killed from afar by a catoblepas (10 damage)
             ... with a blast of calcifying dust
             ... on level 10 of the Dungeon.
             The game lasted 00:57:36 (15311 turns).

Irreverend the Nimble (Felid Summoner)             Turns: 15311, Time: 00:57:36

Health: 0/48       AC:  2    Str:  4    XL:     10   Next: 44%
Magic:  13/32      EV: 24    Int: 28    God:    Gozag
Gold:   1498       SH:  0    Dex: 16    Spells: 12/25 levels left
                                        Lives:  0   Deaths: 2

rFire   . . .        (weapon unavailable)
rCold   . . .        (shield unavailable)
rNeg    . . .        (body armour unavailable)
rPois   .            (helmet unavailable)
rElec   .            (cloak unavailable)
rCorr   .            (gloves unavailable)
SInv    +            (boots unavailable)
Will    +....        D - amulet of regeneration
Stlth   ++           z - ring of magical power
HPRegen 1.08/turn    t - +6 ring of intelligence
MPRegen 0.23/turn

%: no passive effects
@: quick
A: very small, claws 1, fangs 3, see invisible, speed 1, shaggy fur 2, stealthy
paws, no weapons or thrown items, no armour, multi-lived
a: Renounce Religion, Potion Petition, Call Merchant, Bribe Branch


You were on level 10 of the Dungeon.
You worshipped Gozag.
Gozag was most pleased with you.
You visited 2 branches of the dungeon, and saw 11 of its levels.

You collected 1595 gold pieces.
You paid 97 gold pieces to Gozag.

Inventory:

Jewellery
 i - a ring of resist corrosion
 j - a ring of fire
 k - a ring of poison resistance
 l - a ring of protection from cold
 m - a +6 ring of intelligence
 t - a +6 ring of intelligence (right paw)
 v - a ring of protection from cold
 z - a ring of magical power (left paw)
 D - an amulet of regeneration (around neck)
 R - a +4 ring of slaying
Wands
 s - a wand of roots (6)
 E - a wand of flame (41)
 K - a wand of digging (2)
Scrolls
 b - a scroll of enchant weapon
 f - 3 scrolls of blinking
 g - a scroll of brand weapon
 h - 2 scrolls of poison
 y - 3 scrolls of enchant armour {unknown}
 A - 5 scrolls of magic mapping {unknown}
 B - a scroll of torment {unknown}
 F - 2 scrolls of fear
 G - a scroll of fog {unknown}
 H - 3 scrolls of immolation {unknown}
 I - 3 scrolls of vulnerability {unknown}
 L - 2 scrolls of noise {unknown}
 N - a scroll of silence {unknown}
 O - 3 scrolls of identify
 P - a scroll of amnesia {unknown}
 Q - a scroll of butterflies
Potions
 a - 2 potions of magic
 c - 2 potions of might
 d - 2 potions of attraction {unknown}
 e - 3 potions of heal wounds
 n - a potion of resistance {unknown}
 o - 5 potions of lignification {unknown}
 p - 6 potions of mutation
 q - a potion of cancellation {unknown}
 r - 5 potions of curing
 u - a potion of invisibility {unknown}
 w - 6 potions of degeneration
 x - 2 potions of berserk rage
 C - a potion of flight {unknown}
 J - a potion of brilliance {unknown}
 M - a potion of ambrosia {unknown}


   Skills:
 + Level 8.1 Fighting
 + Level 11.0 Dodging
 - Level 2.6 Stealth
 + Level 8.2 Spellcasting
 - Level 4.7 Hexes
 + Level 9.6 Summonings
 + Level 6.6 Air Magic


You had 12 spell levels left.
You knew the following spells:

 Your Spells              Type           Power      Damage    Failure   Level
a - Summon Small Mammal   Summ           100%       N/A       1%          1
b - Call Imp              Summ           100%       N/A       1%          2
c - Call Canine Familiar  Summ           60%        N/A       1%          3
d - Summon Guardian Gole  Hex/Summ       51%        N/A       1%          3
e - Summon Lightning Spi  Summ/Air       54%        N/A       1%          4

Your spell library contained the following spells:

 Spells                   Type           Power      Damage    Failure   Level
 Beastly Appendage        Tmut           22%        N/A       4%          1
 Magic Dart               Conj           44%        1d5       4%          1
 Searing Ray              Conj           22%        2d5       8%          2
 Wereblood                Tmut           11%        N/A       8%          2
 Spider Form              Tmut/Pois      11%        N/A       14%         3
 Stone Arrow              Conj/Erth      22%        3d8       14%         3
 Fulminant Prism          Conj/Hex       12%        3d8       19%         4
 Fireball                 Conj/Fire      5%         3d5       80%         5
 Iskenderun's Battlesphe  Conj           11%        2d7       80%         5
 Conjure Ball Lightning   Conj/Air       15%        3x3d6     88%         6
 Orb of Destruction       Conj           5%         9d5       100%        7
 Lehudib's Crystal Spear  Conj/Erth      5%         10d3      100%        8
 Chain Lightning          Conj/Air       15%        3d20      100%        9
 Fire Storm               Conj/Fire      5%         8d2       100%        9
 Shatter                  Erth           5%         3d8*      100%        9
 Animate Armour           Summ/Erth      Unusable   N/A       N/A         4

Dungeon Overview and Level Annotations

Branches:
Dungeon (10/15)            Temple (1/1) D:5            Lair (0/5) D:9
    Orc (0/2) D:9

Altars:
Ashenzari
Cheibriados
Dithmenos
Elyvilon
Fedhas
Gozag
Hepliaklqana
Kikubaaqudgha
Makhleb
Nemelex Xobeh
Okawaru
Qazlal
Ru
Sif Muna
Trog
Uskayaw
Vehumet
Wu Jian
Xom
Yredelemnul
Zin
The Shining One

Shops:
D:4 *   D:5 [?:

Annotations:
D:4 2 transporters, jejorda2's ghost, amateur VSBe


Innate Abilities, Weirdness & Mutations

You have sharp claws.
You have razor-sharp teeth.
You have supernaturally acute eyesight. (SInv)
You cover ground quickly. (Speed+)
You are covered in thick fur. (AC +2)
Your paws help you pounce on unaware monsters.
You are incapable of wielding weapons or throwing items.
You cannot wear armour.
You gain extra lives every three experience levels.


Message History

Your warg is engulfed in calcifying dust.
Your warg is moving more slowly.
The catoblepas misses you.
Your warg bites the catoblepas!
You swap places.
Your guardian golem disappears in a puff of smoke!
The catoblepas gores you!
* * * LOW HITPOINT WARNING * * *
Your warg barely misses the catoblepas.
The catoblepas gores your warg!!
Your warg completely misses the catoblepas.
The catoblepas breathes a plume of calcifying dust at you.
The blast of calcifying dust hits your warg.
The blast of calcifying dust hits you!
* * * LOW HITPOINT WARNING * * *
Your warg is engulfed in calcifying dust.
Your warg stops moving altogether!
Your warg is engulfed in calcifying dust.
The catoblepas gores your warg!!
Casting: Call Canine Familiar (safe; 1% risk of failure)
Confirm with . or Enter, or press ? or * to list all spells.
An electric hum fills the air.
Your warg is engulfed in calcifying dust.
The catoblepas breathes a plume of calcifying dust at you.
The blast of calcifying dust hits you.
* * * LOW HITPOINT WARNING * * *
Your warg is engulfed in calcifying dust.
Your warg is engulfed in calcifying dust.
The catoblepas gores your lightning spire!!
Your warg is engulfed in calcifying dust.
Your warg is engulfed in calcifying dust.
Your lightning spire shoots out a bolt of lightning at the catoblepas!
The bolt of electricity hits the catoblepas.
Your warg is engulfed in calcifying dust.
Your warg is engulfed in calcifying dust.
Your lightning spire shoots out a bolt of lightning at the catoblepas!
The bolt of electricity hits the catoblepas!
The catoblepas breathes a plume of calcifying dust at you.
The blast of calcifying dust hits you!
You die...
Your body crumbles into a pile of gold.

### ### ### #.# #.# #.#
#.# #.# #.# #.# #.# #.#
#.# #.# #.#
#########.#####.#####.##
#......@..............).
#.....§..######.#####.##
#....Y...# #.# #.#
#§.8.....# #.# #.#
#..§.....# #.# #.#
#...h....# #.# #.#
#........# #.# #.#
#........######.#####.##
#.......................


You could see a catoblepas (ally target), a friendly warg (summoned, petrified)
and a friendly lightning spire (summoned).

Vanquished Creatures (collateral kills)
  A wizard (D:9)
  A troll (D:9)
  Sigmund (D:5)
  12 yaks
  A wyvern (D:9)
  Grum (D:8)
  2 steam dragons
  An acid dragon (D:9)
  5 orc warriors
  An ice beast (D:7)
  A sky beast (D:7)
  An ogre (D:7)
  A black bear (D:9)
  A centaur (D:7)
  2 wolves (D:8)
  5 kobold brigands
  2 bullfrogs
  6 scorpions
  7 wights
  16 killer bees
  3 howler monkeys
  An iron imp (D:5)
  4 orc priests
  2 jellies
  4 hounds
  An iguana (D:7)
  4 orc wizards
  3 hell rats (D:6)
  3 nameless horrors
  9 adders
  3 gnolls (D:7)
  7 river rats (D:6)
  A shadow imp (D:6)
  A worm (D:2)
  2 dart slugs
  20 orcs
  3 ball pythons
  2 bats
  5 endoplasms
  4 giant cockroaches
  3 goblins
  2 hobgoblins
  2 quokkas
  6 frilled lizards
  27 kobolds
  7 rats
197 creatures vanquished.

Vanquished Creatures (others)
  A two-headed ogre (D:5)
  A manticore (D:10)
  A gargoyle (D:10)
  2 wyverns
  11 yaks
  A wraith (D:10)
  A steam dragon (D:5)
  Edmund (D:5)
  A water moccasin (D:6)
  A black bear (D:6)
  An orc warrior (D:10)
  An ogre (D:5)
  2 centaurs
  A kobold brigand (D:6)
  A scorpion (D:5)
  3 wights
  8 killer bees (D:10)
  An electric eel (D:10)
  A hound (D:5)
  2 orc priests
  2 iguanas (D:5)
  A hell rat (D:6)
  4 gnolls (D:5)
  An adder (D:5)
  10 river rats (D:6)
  2 orcs
  A kobold (D:6)
63 creatures vanquished.

Grand Total: 260 creatures vanquished

Notes
Turn   | Place    | Note
-------+----------+-------------------------------------------
     0 | D:1      | Irreverend the Felid Summoner began the quest for the Orb.
     0 | D:1      | Reached XP level 1. HP: 7/7 MP: 4/4
   436 | D:1      | Reached XP level 2. HP: 11/11 MP: 3/6
   439 | D:1      | Learned a level 2 spell: Call Imp
  1449 | D:2      | Reached XP level 3. HP: 14/14 MP: 2/8
  1453 | D:2      | Learned a level 3 spell: Call Canine Familiar
  2157 | D:3      | Found a sacrificial altar of Ru.
  2229 | D:3      | Found a faded altar of an unknown god.
  2312 | D:3      | Reached XP level 4. HP: 18/18 MP: 5/9
  2316 | D:3      | Learned a level 3 spell: Summon Guardian Golem
  2361 | D:3      | Noticed a nameless horror
  2408 | D:3      | Killed a nameless horror
  3423 | D:4      | Reached skill level 3 in Dodging
  3423 | D:4      | Reached skill level 1 in Hexes
  3559 | D:4      | Found a transporter.
  3564 | D:4      | Noticed jejorda2's ghost (amateur VSBe)
  3565 | D:4      | Found a transporter.
  3677 | D:4      | Reached skill level 5 in Summonings
  3711 | D:4      | Reached XP level 5. HP: 21/21 MP: 7/11
  3717 | D:4      | Reached skill level 1 in Fighting
  3843 | D:4      | Found Vadairatz's Lightly-Used Armoury.
  4873 | D:5      | Entered Level 5 of the Dungeon
  4873 | D:5      | Found Hatyennoa's Armour Emporium.
  4873 | D:5      | Found Retex's Magic Scroll Emporium.
  4873 | D:5      | Found Lurchig's Book Emporium.
  4911 | D:5      | Noticed a centaur
  5004 | D:4      | Gained mutation: You are covered in thick fur. (AC +2)
                  | [Felid growth]
  5004 | D:4      | Reached XP level 6. HP: 19/26 MP: 1/12
  5281 | D:5      | Noticed Edmund
  5319 | D:5      | Killed Edmund
  5320 | D:5      | Reached skill level 4 in Dodging
  5342 | D:5      | Noticed a steam dragon
  5406 | D:5      | Killed a steam dragon
  5407 | D:5      | Reached XP level 7. HP: 30/30 MP: 2/14
  5674 | D:5      | Reached skill level 5 in Dodging
  6036 | D:5      | Learned a level 4 spell: Summon Lightning Spire
  6036 | D:5      | Found a blossoming altar of Fedhas.
  6036 | D:5      | Noticed a two-headed ogre
  6088 | D:5      | Killed a two-headed ogre
  6089 | D:5      | Reached skill level 6 in Dodging
  6089 | D:5      | Reached skill level 5 in Spellcasting
  6089 | D:5      | Reached XP level 8. HP: 19/36 MP: 5/16
  6384 | D:5      | Found a staircase to the Ecumenical Temple.
  6458 | Temple   | Entered the Ecumenical Temple
  6871 | D:5      | Noticed Sigmund
  6908 | D:5      | Killed Sigmund
  6973 | D:5      | Found a snail-covered altar of Cheibriados.
  7154 | D:5      | Found the +1 Delatra's gloves {ID++}
  7454 | D:5      | Found a radiant altar of Vehumet.
  7980 | D:6      | HP: 1/36 [poisoned by a water moccasin]
  8001 | D:6      | Reached skill level 7 in Dodging
  8001 | D:6      | Reached XP level 9. HP: 13/40 MP: 13/18
  8485 | D:6      | Reached skill level 5 in Fighting
  9231 | D:6      | Found the +2 ratskin cloak {*Rats rPois rN+ Str-1 Int-1
                  | Dex+1}
  9384 | D:7      | Found a blossoming altar of Fedhas.
  9445 | D:7      | Reached skill level 8 in Dodging
  9623 | D:7      | Found an opulent altar of Gozag.
  9629 | D:7      | Became a worshipper of Gozag Ym Sagoz the Greedy
 10806 | D:8      | Noticed Grum
 10851 | D:8      | Reached XP level 10. HP: 45/45 MP: 20/20
 10892 | D:8      | Killed Grum
 11928 | D:9      | Reached skill level 9 in Dodging
 11999 | D:9      | Found a staircase to the Orcish Mines.
 12072 | D:9      | Reached skill level 5 in Air Magic
 12559 | D:9      | Killed from afar by a steam dragon
 12560 | D:9      | Reached XP level 9. HP: -2/42 MP: 26/29
 12996 | D:9      | Found a staircase to the Lair.
 13008 | D:9      | Reached XP level 10. HP: 47/47 MP: 22/22
 13089 | D:9      | Noticed a wizard
 13098 | D:9      | Killed a wizard
 13099 | D:9      | Reached skill level 10 in Dodging
 13274 | D:10     | Entered Level 10 of the Dungeon
 13758 | D:10     | Noticed a gargoyle
 13826 | D:10     | Killed a gargoyle
 14002 | D:10     | Identified the +5 sling "Spiderslayer" {freeze, rElec
                  | rCorr}
 14012 | D:10     | Noticed a manticore
 14034 | D:10     | Noticed a catoblepas
 14044 | D:10     | Killed a manticore
 14126 | D:10     | HP: 2/48 [catoblepas/blast of calcifying dust (11)]
 14360 | D:10     | Mangled by a catoblepas
 14361 | D:10     | Reached XP level 9. HP: -10/43 MP: 28/30
 14383 | D:10     | Reached XP level 10. HP: 48/48 MP: 22/22
 14794 | D:10     | Reached skill level 11 in Dodging
 15311 | D:10     | Killed from afar by a catoblepas

Illustrated notes

Levels and vault maps discovered:
D:1:      dpeg_arrival_arbitrary_b, layout_basic
D:2:      layout_basic, chequers_mini_garden
D:3:      layout_basic, nicolae_ru_great_annihilating_truth,
          hellmonk_ecumenical_altar_run_dry, chequers_serial_rivers_micro_b,
          minmay_misc_feat_ornament
D:4:      layout_loops_ring, gammafunk_ghost_mausoleum, minmay_shop_damaged
D:5:      layout_cave_pods, chei_slow_surprise, minmay_temple_entry_junction,
          nicolae_shop_distant_corner_stores, st_stairs_1,
          hangedman_feature_mirror, minmay_misc_feat_tower,
          amcnicky_mini_corridor_feature, grunt_ministairs_15,
          corexii_corridor_pit, reono_crystal_passage, uniq_edmund, uniq_sigmund
D:6:      wander_guarded_unrand_ratskin, layout_loops_ring,
          hangedman_decor_riveting
D:7:      layout_cave_pools, mainiacjoe_overflow_brackets, kennysheep_little_box
D:8:      layout_gridville, blue_anna_alchemist, uniq_grum
D:9:      layout_cave_pods, grunt_lair_entry_orc_guard_hut, david_orc_2,
          minmay_librarian
D:10:     nzn_motion_control, layout_small_grid, amcnicky_mini_pool_medium
Temple:   regret_index_temple_chain_breaker

Skill      XL: |  1  2  3  4  5  6  7  8  9 10 |
---------------+-------------------------------+-----
Spellcasting   | 3 4 5 6 8 |  8.2
Dodging        | 3 4 6 7 8 11 | 11.0
Hexes          | 1 2 4 |  4.7
Summonings     | 5 6 7 9 |  9.6
Fighting       | 1 2 4 7 8 |  8.1
Air Magic      | 2 4 6 |  6.6
Stealth        | |  2.6

Action                     |  1- 3 |  4- 6 |  7- 9 | 10-12 || total
---------------------------+-------+-------+-------+-------++-------
  Melee: Unarmed           |       |       |     1 |     3 ||     4
   Cast: Summon Small Mamm |    31 |       |       |       ||    31
         Call Imp          |    13 |     6 |     6 |       ||    25
         Call Canine Famil |     9 |    25 |    32 |    29 ||    95
         Summon Guardian G |       |     8 |    60 |    44 ||   112
         Summon Lightning  |       |       |    21 |    36 ||    57
    Use: Scroll            |       |    12 |     1 |     1 ||    14
         Potion            |       |       |     1 |     1 ||     2
 Armour: Skin              |       |       |     5 |     3 ||     8
  Dodge: Dodged            |     5 |    10 |    78 |    67 ||   160
